 Dungeon Crawl Stone Soup version 0.26-a0-665-gefeb406119 (webtiles) character file.

Game seed: 2066337048834033836

3790 robertstho the Slinger (level 10, 0/103 HPs)
             Began as a Halfling Hunter on Oct 14, 2020.
             Was an Elder of Okawaru.
             Slain by a killer bee zombie (1 damage)
             ... on level 8 of the Dungeon.
             The game lasted 00:12:08 (8850 turns).

robertstho the Slinger (Halfling Hunter)            Turns: 8850, Time: 00:12:09

Health: 0/103      AC: 25    Str: 12 (15) XL:     10   Next: 39%
Magic:  13/13      EV:  3    Int:  7 (9)  God:    Okawaru [****..]
Gold:   155        SH:  0    Dex: 16 (17) Spells: 9/9 levels left

rFire    + . .     SeeInvis +   z - +3 scimitar (flame)
rCold    . . .     Faith    .   (shield restricted)
rNeg     + + +     Spirit   .   (armour currently unavailable)
rPois    +         Reflect  .   (helmet currently unavailable)
rElec    .         Harm     .   (cloak currently unavailable)
rCorr    .         Rampage  .   (gloves currently unavailable)
MR       .....     NoTele   +   (boots currently unavailable)
Stlth    +++.......             (no amulet)
HPRegen  0.27/turn              h - ring of see invisible
MPRegen  0.13/turn              q - ring of protection from fire

@: brilliant, tree-form (expiring)
A: small, mutation resistance 1
a: Heroism, Renounce Religion


You were on level 8 of the Dungeon.
You worshipped Okawaru.
Okawaru was greatly pleased with you.
You were a tree.
You visited 1 branch of the dungeon, and saw 8 of its levels.

You collected 486 gold pieces.
You spent 331 gold pieces at shops.

Inventory:

Hand Weapons
 a - a +1 hunting sling
 n - a +2 dagger of venom
 s - a +2 vorpal flail
 z - a +3 scimitar of flaming (weapon)
Missiles
 b - 137 stones (quivered)
Armour
 c - a +0 leather armour (melded)
Jewellery
 g - an uncursed ring of magical power
 h - a ring of see invisible (left branch)
 i - an uncursed ring of fire
 q - a ring of protection from fire (right branch)
 D - a +6 ring of intelligence
Wands
 o - a wand of flame (9)
 t - a wand of iceblast (8)
 v - a wand of random effects (21)
Scrolls
 e - 3 scrolls of fear
 f - 7 scrolls of remove curse
 k - 5 scrolls of teleportation
 l - 3 scrolls of enchant weapon
 m - a scroll of enchant armour
 p - a scroll of immolation
 u - a scroll of blinking
 w - a scroll of fog
 x - 2 scrolls of magic mapping
 y - 2 scrolls of identify
 A - a scroll of amnesia {unknown}
 B - a scroll of noise {unknown}
Potions
 j - 2 potions of mutation
 r - a potion of lignification


   Skills:
 * Level 6.7 Fighting
 * Level 14.2 Slings
 + Level 3.2 Armour
 + Level 3.2 Dodging
 * Level 5.9 Stealth
 * Level 4.6 Invocations


You had 9 spell levels left.
You didn't know any spells.
Your spell library contained the following spells:

 Spells                   Type           Power        Failure   Level
 Animate Skeleton         Necr           #.....       43%         1
 Apportation              Tloc           #.....       43%         1
 Corona                   Hex            #......      43%         1
 Summon Small Mammal      Summ           #...         43%         1


Dungeon Overview and Level Annotations

Branches:
Dungeon (8/15)             Temple (0/1) D:6
   Lair: D:8-11

Altars:
Gozag
Okawaru
Ru
Uskayaw
Yredelemnul
The Shining One

Shops:
D:6 !*?

Annotations:
D:6 potion shop


Innate Abilities, Weirdness & Mutations

You are small and have problems with some larger weapons.
You are somewhat resistant to further mutation.


Message History

Unknown command.
You hit the wyvern.
You kill the wyvern!
Okawaru accepts your kill. Something appears at your feet!
Okawaru grants you ammunition!
You feel your dexterity returning.
The killer bee zombie hits you but does no damage. x2
Your +2 dagger of venom stops dripping with poison.
Your +3 scimitar of flaming bursts into flame!
z - a +3 scimitar of flaming (weapon)
You barely miss the killer bee zombie.
The killer bee zombie is lightly damaged.
The killer bee zombie hits you but does no damage. x3
You closely miss the killer bee zombie.
The killer bee zombie is lightly damaged.
The killer bee zombie hits you.
* * * LOW HITPOINT WARNING * * *
The killer bee zombie hits you.
You die...

.......(.......................
#..(......................
##..(.###.......###.....>.
##...[#####.....# ##......
#.....(..#......# ##♣...#
............[#....# ...#
..)..........#......# ♣...
#(...........####....
#.........#♣#### ....
..........#Z(..#..###
..........##((.....##
.......#.....##.#..#
.....#.<..(# #.# .......Z.###
...#. ..........Z#......
...........((((..(
...........(.$..((


You could see a killer bee zombie.

Vanquished Creatures
  Erica (D:8)
  A wyvern (D:8)
  An ice beast (D:5)
  2 orc warriors
  A sky beast (D:6)
  An ogre (D:7)
  3 phantoms
  3 centaurs
  A big kobold (D:3)
  5 bullfrogs
  A water moccasin zombie (D:6)
  A water moccasin skeleton (D:7)
  2 scorpions (D:5)
  5 killer bees (D:8)
  2 howler monkeys
  A centaur zombie (D:6)
  2 jellies
  A bullfrog zombie (D:7)
  5 orc priests
  A hound (D:5)
  A bullfrog skeleton (D:5)
  A gnoll shaman (D:6)
  3 iguanas
  7 orc wizards
  6 worker ants
  2 hound zombies
  2 hound skeletons
  9 gnolls
  8 adders
  2 shadow imps
  5 white imps
  An ooze (D:1)
  An adder skeleton (D:4)
  4 worms
  A dart slug (D:5)
  8 leopard geckos
  21 orcs
  6 giant cockroaches
  7 goblins
  6 hobgoblins
  9 jackals
  4 kobolds
  4 quokkas
  5 ball pythons
  A ball python zombie (D:5)
  9 bats
  4 frilled lizards
  A jackal zombie (D:6)
  A leopard gecko skeleton (D:6)
  10 rats
189 creatures vanquished.

Notes
Turn   | Place    | Note
-------+----------+-------------------------------------------
     0 | D:1      | robertstho the Halfling Hunter began the quest for the Orb.
     0 | D:1      | Reached XP level 1. HP: 14/14 MP: 1/1
    23 | D:1      | Reached skill level 6 in Slings
    23 | D:1      | Reached XP level 2. HP: 19/19 MP: 2/2
   362 | D:1      | Reached XP level 3. HP: 24/24 MP: 3/3
   586 | D:2      | Reached skill level 7 in Slings
   960 | D:2      | Reached XP level 4. HP: 29/29 MP: 4/4
  1480 | D:3      | Noticed a big kobold
  1500 | D:3      | Killed a big kobold
  1500 | D:3      | Reached skill level 8 in Slings
  1500 | D:3      | Reached XP level 5. HP: 23/35 MP: 5/5
  1604 | D:3      | Found a basalt altar of Yredelemnul.
  1657 | D:3      | Found a hide-covered altar of Uskayaw.
  1679 | D:3      | Found a sacrificial altar of Ru.
  2312 | D:3      | Reached XP level 6. HP: 40/40 MP: 6/6
  2461 | D:3      | Found an iron altar of Okawaru.
  2525 | D:3      | Became a worshipper of Warmaster Okawaru
  2568 | D:4      | Reached skill level 9 in Slings
  3395 | D:4      | Reached skill level 1 in Invocations
  3745 | D:4      | Reached skill level 1 in Armour
  3870 | D:5      | Entered Level 5 of the Dungeon
  3873 | D:5      | Reached XP level 7. HP: 45/45 MP: 7/7
  3912 | D:5      | Reached skill level 10 in Slings
  3932 | D:5      | Reached * piety under Okawaru
  4287 | D:5      | Found a glowing golden altar of the Shining One.
  4751 | D:5      | Reached XP level 8. HP: 21/52 MP: 6/9
  5086 | D:5      | Reached skill level 11 in Slings
  5381 | D:6      | Found Caakhoef's Magic Scroll Emporium.
  5393 | D:6      | Bought a scroll of fog for 30 gold pieces
  5393 | D:6      | Bought a scroll of enchant weapon for 112 gold pieces
  5393 | D:6      | Bought a scroll of fear for 52 gold pieces
  5393 | D:6      | Bought a scroll of magic mapping for 52 gold pieces
  5441 | D:6      | Reached ** piety under Okawaru
  5540 | D:6      | Reached skill level 12 in Slings
  5715 | D:6      | Reached XP level 9. HP: 51/58 MP: 9/11
  6034 | D:6      | Found Giuqein's Assorted Antiques.
  6042 | D:6      | Bought a scroll of identify for 46 gold pieces
  6229 | D:6      | Found a staircase to the Ecumenical Temple.
  6242 | D:6      | Found Tistuiso's Distillery.
  6256 | D:6      | Bought a potion of lignification for 39 gold pieces
  6748 | D:7      | Reached skill level 5 in Stealth
  6790 | D:7      | Found an opulent altar of Gozag.
  6819 | D:7      | Reached skill level 13 in Slings
  7086 | D:7      | Reached skill level 5 in Fighting
  7135 | D:7      | Reached *** piety under Okawaru
  8483 | D:8      | Noticed Erica
  8500 | D:8      | Killed Erica
  8500 | D:8      | Reached skill level 14 in Slings
  8500 | D:8      | Reached XP level 10. HP: 68/68 MP: 13/13
  8845 | D:8      | HP: 4/103 [wyvern (6)]
  8847 | D:8      | Reached **** piety under Okawaru
  8847 | D:8      | Received a gift from Okawaru
  8850 | D:8      | HP: 1/103 [killer bee zombie (5)]
  8850 | D:8      | Slain by a killer bee zombie

Illustrated notes

Levels and vault maps discovered:
D:1:      dpeg_arrival_pits, layout_basic
D:2:      layout_basic
D:3:      layout_loops_cross, nicolae_overflow_quartered_altars
D:4:      layout_loops_corners
D:5:      layout_basic, basic_altar
D:6:      layout_cave_pools, minmay_temple_entry_proselytizer, serial_shops,
          nicolae_shop_statue_plus, shop, nicolae_shop_crystal,
          wad_floor_pattern_2, minivault_24
D:7:      layout_layer_cave, basic_altar
D:8:      layout_cave_pools, serial_shops, shop_coins, kennysheep_mini_moat,
          nicolae_shop_trees, uniq_erica

Skill      XL: |  1  2  3  4  5  6  7  8  9 10 |
---------------+-------------------------------+-----
Slings         | 6 7 8 9 10 12 14 | 14.2
Fighting       | 2 3 4 6 |  6.7
Stealth        | 2 3 4 5 |  5.9
Invocations    | 1 2 4 |  4.6
Armour         | 1 2 3 |  3.2
Dodging        | 3 |  3.2

Action                   |  1- 3 |  4- 6 |  7- 9 | 10-12 || total
-------------------------+-------+-------+-------+-------++-------
Melee: Dagger            |       |       |       |    10 ||    10
       Scimitar          |       |       |       |     2 ||     2
 Fire: Hunting sling     |    71 |   192 |   525 |    43 ||   831
Invok: Heroism           |       |       |     5 |     2 ||     7
Evoke: Wand              |       |       |       |     1 ||     1
  Use: Scroll            |       |     3 |     4 |       ||     7
       Potion            |       |     1 |     1 |     3 ||     5
Armor: Leather armour    |     4 |     2 |    15 |     2 ||    23
       Skin              |       |       |       |    60 ||    60
Dodge: Dodged            |    15 |    18 |    94 |    46 ||   173

Table legend: (Time is in decaauts)
 A = Elapsed time spent in this place.
 B = Non-inter-level travel time spent in this place.
 C = Inter-level travel time spent in this place.
 D = Time resting spent in this place.
 E = Time spent auto-exploring this place.
 F = Levels seen in this place.
 G = Mean time per level.
                   A        B        C        D        E       F      G
               +--------+--------+--------+--------+--------+-----+--------+
         Total |   8575 |   8385 |    190 |    238 |   7107 |   8 | 1071.9 |
       Dungeon |   8575 |   8385 |    190 |    238 |   7107 |   8 | 1071.9 |
               +--------+--------+--------+--------+--------+-----+--------+

Top non-repeatable levels by time:
     D:7: 1995 daAuts
     D:5: 1467 daAuts
     D:4: 1293 daAuts
     D:6: 1115 daAuts
     D:3: 1058 daAuts
     D:2: 901 daAuts
     D:1: 559 daAuts
     D:8: 183 daAuts
